 Dungeon Crawl Stone Soup version 0.19.1 (webtiles) character file.

97293 Host24 the Sharpshooter (level 16, -2/112 HPs)
             Began as a Kobold Hunter on Dec 28, 2016.
             Was a High Priest of Okawaru.
             Slain by a swamp worm (18 damage)
             ... called by a spriggan druid
             ... on level 3 of the Swamp.
             The game lasted 02:19:58 (35823 turns).

Host24 the Sharpshooter (Kobold Hunter)            Turns: 35823, Time: 02:19:58

Health: -2/112     AC: 17    Str: 10    XL:     16   Next: 69%
Magic:  19/20      EV: 38    Int: 12    God:    Okawaru [*****.]
Gold:   2323       SH:  3    Dex: 27    Spells: 1 memorised, 14 levels left

rFire  . . .     SeeInvis .     c - +3 arbalest (velocity)
rCold  . . .     Gourm    .     l - +0 swamp dragon scales
rNeg   + . .     Faith    .     (shield currently unavailable)
rPois  +         Spirit   .     v - +1 helmet
rElec  .         Reflect  +     o - +0 cloak
rCorr  +         Harm     .     q - +0 pair of gloves
MR     +....                    D - +0 pair of boots
Stlth  ++++......               y - +3 amulet of reflection
                                P - ring of positive energy
                                j - ring of resist corrosion

@: agile, heroism
A: carnivore 3
a: Heroism, Finesse, Renounce Religion


You were on level 3 of the Swamp.
You worshipped Okawaru.
Okawaru was extremely pleased with you.
You were very full.

You visited 7 branches of the dungeon, and saw 24 of its levels.
You also visited: Sewer and Ice Cave.

You collected 2323 gold pieces.

Inventory:

Hand Weapons
 c - a +3 arbalest of velocity (weapon)
 r - a +2 arbalest of flaming
 x - the +6 rapier of Okawaru's Delight {pierce, rC+}
   (Okawaru gifted it to you on level 1 of the Swamp)

   It inflicts extra damage upon your enemies.
   It protects you from cold.
 A - a +3 arbalest of freezing
Missiles
 d - 16 bolts (quivered)
 g - 37 stones
 k - 26 poisoned needles
Armour
 l - +0 swamp dragon scales (worn)
 n - a +2 helmet
 o - a +0 cloak (worn)
 q - a +0 pair of gloves (worn)
 v - a +1 helmet (worn)
 D - a +0 pair of boots (worn)
 E - +0 mottled dragon scales
Jewellery
 j - a ring of resist corrosion (left hand)
 s - an uncursed ring of flight {unknown}
 y - a +3 amulet of reflection (around neck)
 P - a ring of positive energy (right hand)
Wands
 p - a wand of digging (17/24)
 F - a wand of teleportation (4/9)
 H - a wand of disintegration (14/24)
 U - a wand of hasting (6/9)
Scrolls
 b - a scroll of silence
 C - a scroll of teleportation
 I - a scroll of identify
 R - 4 scrolls of fog
Potions
 h - 2 potions of cancellation
 i - 4 potions of brilliance
 t - a potion of ambrosia
 w - a potion of magic
 z - 2 potions of berserk rage
 V - a potion of flight
Books
 e - a book of Power

   Spells                             Type                      Level
   a - Fulminant Prism                Conjuration/Hexes            4
   b - Iskenderun's Mystic Blast      Conjuration                  4
   c - Venom Bolt                     Conjuration/Poison           5
   d - Bolt of Magma                  Conjuration/Fire/Earth       5
   e - Iron Shot                      Conjuration/Earth            6
   f - Orb of Destruction             Conjuration                  7
   g - Spellforged Servitor           Conjuration/Summoning        7
 m - a book of Conjurations

   Spells                             Type                      Level
   a - Magic Dart                     Conjuration                  1
   b - Searing Ray                    Conjuration                  2
   c - Dazzling Spray                 Conjuration/Hexes            3
   d - Fulminant Prism                Conjuration/Hexes            4
   e - Iskenderun's Mystic Blast      Conjuration                  4
   f - Iskenderun's Battlesphere      Conjuration/Charms           5
 u - a book of Misfortune

   Spells                             Type                      Level
   a - Confusing Touch                Hexes                        1
   b - Confuse                        Hexes                        3
   c - Gell's Gravitas                Hexes/Translocation          3
   d - Petrify                        Transmutation/Earth          4
   e - Metabolic Englaciation         Hexes/Ice                    5
   f - Yara's Violent Unravelling     Hexes/Transmutation          5
 B - a book of Spatial Translocations

   Spells                             Type                      Level
   a - Blink                          Translocation                2
   b - Shroud of Golubria             Charms/Translocation         2
   c - Lesser Beckoning               Translocation                3
   d - Portal Projectile              Translocation                3
   e - Teleport Other                 Translocation                3
   f - Passage of Golubria            Translocation                4
Comestibles
 a - a slice of pizza
 f - 9 meat rations


   Skills:
 - Level 17.0(22.0) Fighting
 - Level 1.3(6.3) Short Blades
   Level 1.0(6.0) Maces & Flails
 - Level 18.0(23.0) Crossbows
 - Level 7.0(12.0) Armour
 + Level 16.7(21.7) Dodging
 - Level 1.3(6.3) Stealth
 - Level 5.4 Invocations


You had 14 spell levels left.
You knew the following spells:

 Your Spells              Type           Power        Failure   Level  Hunger
a - Summon Butterflies    Summ           #.......     69%         1    ##.....


Dungeon Overview and Level Annotations

Branches:
Dungeon (11/15)            Temple (1/1) D:4            Lair (5/6) D:11
  Swamp (3/4) Lair:4       Spider (1/4) Lair:2          Orc (2/2) D:11
    Elf (1/3) Orc:2
  Slime: Lair:5-6

Altars:
Ashenzari
Cheibriados
Dithmenos
Elyvilon
Fedhas
Gozag
Hepliaklqana
Kikubaaqudgha
Makhleb
Nemelex Xobeh
Okawaru
Qazlal
Ru
Sif Muna
Trog
Uskayaw
Vehumet
Xom
Yredelemnul
Zin
The Shining One

Shops:
D:5 *   D:6 (   D:10 *   Orc:2 (*[(

Annotations:
Spider:1 Kave's ghost, journeyman TrTm
Elf:1 Asterion


Innate Abilities, Weirdness & Mutations

You are small and have problems with some larger weapons.
You are carnivorous and can eat meat at any time.


Message History

Firing (i - inventory. (,) - cycle):
d - 18 bolts (quivered)
Press: ? - help, Shift-Dir - straight line, f - spriggan
Aim: a spriggan, wielding a dagger and wearing a robe
Okay, then.
Do you really want to go berserk while wielding your +3 arbalest of velocity?
Okay, then.
You feel agile all of a sudden. The swamp worm closely misses you.
The spriggan misses you. The swamp worm misses you.
Firing (i - inventory. (,) - cycle):
d - 18 bolts (quivered)
Press: ? - help, Shift-Dir - straight line, f - spriggan
Aim: a spriggan, wielding a dagger and wearing a robe You shoot a bolt.
The bolt barely misses the spriggan.
The spriggan completely misses you. The swamp worm completely misses you.
Firing (i - inventory. (,) - cycle):
d - 17 bolts (quivered)
Press: ? - help, Shift-Dir - straight line, f/p - spriggan
Aim: a spriggan, wielding a dagger and wearing a robe You shoot a bolt.
The bolt misses the spriggan.
The spriggan completely misses you. The swamp worm bites you!!
You die...

♣♣ ♣♣♣♣ ♣ ♣♣.♣ ♣≈≈♣♣
♣♣♣♣ ♣♣§§♣♣ ♣...♣♣♣≈♣.
♣♣≈≈≈≈♣ ♣..♣♣.≈.. ♣ ♣
♣♣..≈≈.♣ ♣..♣♣§.♣. ≈≈
♣♣.♣♣♣.@i≈.≈♣ ♣.....≈♣≈
.. ♣≈≈..≈w)♣.♣≈♣
♣...♣.... ≈}
♣♣≈.♣§≈)≈.♣.♣♣♣♣.....≈≈≈
≈♣
♣≈♣.♣≈(♣.♣≈≈♣♣.≈.......
≈♣
.♣...≈....♣♣≈♣♣♣..###..#
≈♣
..≈≈≈§≈(..♣♣.♣♣.....#..#
.♣♣
..♣.§...(...≈♣....#.....
..♣
?§≈≈≈≈.≈.♣♣.§.♣.≈...).%#
≈≈♣♣
≈≈≈.≈..§♣♣.≈.≈†..♣♣≈....


You could see a swamp worm and a spriggan.

Vanquished Creatures
  Saint Roka (Orc:2)
  Gastronok (Lair:3)
  A thorn hunter (Swamp:3)
  A very ugly thing (Swamp:1)
  A spark wasp (Spider:1)
  An ettin (Orc:1)
  Snorg (Lair:4)
  Josephine (Swamp:1)
  6 hydras
  4 ghost crabs
  A catoblepas (Lair:3)
  The ghost of Darts the Hand of Fortune, a journeyman OpIE of Nemelex Xobeh (Orc:2)
  A dancing weapon (Elf:1)
  12 alligators
  4 death yaks (Lair:4)
  4 orc high priests
  An unseen horror (D:10)
  2 spriggan druids (Swamp:3)
  3 hill giants (D:11)
  4 shambling mangroves
  A deep elf archer (Elf:1)
  A lindwurm (Lair:5)
  A swamp dragon (Swamp:1)
  A necromancer (IceCv)
  4 orc knights (Orc:2)
  An orb spider (Spider:1)
  5 orc sorcerers (Orc:2)
  2 ugly things (D:11)
  4 deep elf magi
  2 ice statues (IceCv)
  4 elephants
  A centaur zombie (D:11)
  3 black mambas
  16 spiny frogs
  2 rime drakes (Lair:3)
  4 ice devils (IceCv)
  6 trolls
  12 hornets
  A queen bee (Lair:3)
  2 polar bears
  5 bog bodies
  A two-headed ogre (D:10)
  14 blink frogs
  6 tyrant leeches
  8 slime creatures
  6 hippogriffs
  A tarantella (Spider:1)
  2 redbacks (Spider:1)
  A shadow (Swamp:3)
  5 spriggans
  4 wraiths
  A water elemental (D:11)
  38 yaks
  A fire elemental (Elf:1)
  4 wyverns
  5 basilisks
  A steam dragon (D:11)
  A hungry ghost (D:7)
  A warg (Orc:2)
  A mottled dragon (D:10)
  13 insubstantial wisps
  16 vampire mosquitoes
  15 water moccasins
  20 swamp worms
  2 hell hounds (Orc:2)
  3 porcupines
  2 ice beasts
  3 sky beasts
  2 black bears
  25 orc warriors
  3 swamp drakes (Swamp:1)
  2 necrophages (D:11)
  2 phantoms
  21 wolves
  18 ogres
  2 centaurs
  13 crocodiles
  11 bullfrogs
  A wyvern skeleton (D:6)
  2 scorpions
  36 killer bees
  2 howler monkeys
  7 wights
  2 electric eels
  10 crimson imps
  20 orc priests
  8 jellies
  10 hounds
  A bullfrog skeleton (D:6)
  32 orc wizards
  An iguana (D:11)
  3 worker ants
  2 spriggan simulacra (IceCv)
  2 troll simulacra (IceCv)
  3 centaur simulacra (IceCv)
  2 hound zombies
  A worker ant zombie (D:10)
  Robin (D:1)
  6 gnolls
  17 adders
  2 naga simulacra (IceCv)
  An ogre simulacrum (IceCv)
  A shadow imp (D:6)
  3 white imps (D:7)
  An adder zombie (D:6)
  An ooze (D:1)
  5 worms
  A dart slug (D:1)
  7 leopard geckos
  66 orcs
  6 ball pythons (Sewer)
  7 giant cockroaches
  21 goblins
  12 hobgoblins
  24 jackals
  13 kobolds
  7 quokkas
  A ball python skeleton (D:4)
  6 bats
  13 frilled lizards
  A jackal skeleton (D:4)
  A leopard gecko skeleton (D:6)
  A leopard gecko zombie (D:6)
  A quokka zombie (D:4)
  10 rats
  4 fungi
  5 plants
793 creatures vanquished.

Vanquished Creatures (others)
  A centaur (D:5)
  A goblin (D:6)
  2 fungi
  5 plants
9 creatures vanquished.

Grand Total: 802 creatures vanquished

Notes
Turn   | Place    | Note
-------+----------+-------------------------------------------
     0 | D:1      | Host24 the Kobold Hunter began the quest for the Orb.
     0 | D:1      | Reached XP level 1. HP: 12/12 MP: 1/1
    72 | D:1      | Reached XP level 2. HP: 18/18 MP: 2/2
   498 | D:1      | Reached XP level 3. HP: 19/23 MP: 3/3
   604 | D:1      | Reached skill level 5 in Crossbows
   878 | D:2      | Noticed Robin
  1004 | D:1      | Killed Robin
  1128 | D:2      | Reached XP level 4. HP: 21/29 MP: 4/4
  1360 | D:2      | Found a burning altar of Makhleb.
  1959 | D:3      | Reached XP level 5. HP: 32/34 MP: 5/5
  2002 | D:3      | Reached skill level 5 in Fighting
  2006 | D:3      | Found a snail-covered altar of Cheibriados.
  2717 | D:3      | Noticed an orc warrior
  2924 | D:2      | Reached XP level 6. HP: 13/41 MP: 6/6
  3808 | D:3      | Killed an orc warrior
  4081 | D:4      | Noticed an ogre
  4092 | D:4      | Killed an ogre
  4092 | D:4      | Reached skill level 5 in Dodging
  4092 | D:4      | Reached XP level 7. HP: 34/46 MP: 7/7
  4560 | D:4      | Found a shattered altar of Ashenzari.
  4567 | D:4      | Found a staircase to the Ecumenical Temple.
  4574 | Temple   | Entered the Ecumenical Temple
  4898 | D:4      | Found a sacrificial altar of Ru.
  5069 | D:5      | Entered Level 5 of the Dungeon
  5536 | D:5      | Found Junon's General Store.
  5742 | D:5      | Found a hazy altar of Hepliaklqana.
  5813 | D:5      | Found a deep blue altar of Sif Muna.
  6104 | D:6      | Reached XP level 8. HP: 49/53 MP: 8/8
  6427 | D:6      | Found a glowing drain.
  6479 | Sewer    | Entered a sewer
  7220 | D:6      | Found an ancient bone altar of Kikubaaqudgha.
  7594 | D:6      | Found a sacrificial altar of Ru.
  7610 | D:6      | Reached skill level 10 in Fighting
  7786 | D:6      | Reached skill level 6 in Crossbows
  7786 | D:6      | Reached XP level 9. HP: 47/62 MP: 9/9
  7869 | D:6      | Found Boquotog's Antique Weapon Shop.
  7925 | D:6      | Found an iron altar of Okawaru.
  8013 | D:6      | Became a worshipper of Warmaster Okawaru
  8123 | D:7      | Reached skill level 7 in Crossbows
  8866 | D:7      | Reached * piety under Okawaru
  9268 | D:7      | Reached skill level 8 in Crossbows
  9471 | D:7      | Reached XP level 10. HP: 68/68 MP: 10/10
  9521 | D:7      | Reached skill level 10 in Dodging
  9914 | D:8      | Reached ** piety under Okawaru
  9946 | D:8      | Reached skill level 9 in Crossbows
 10132 | D:8      | Reached skill level 10 in Crossbows
 10223 | D:8      | Found a hide-covered altar of Uskayaw.
 10237 | D:8      | Got an ancient dagger
 10238 | D:8      | Identified the +8 dagger of Umammook {antimagic, Dex+2} (You found it on level 8 of the Dungeon)
 10377 | D:8      | Reached skill level 1 in Invocations
 10455 | D:8      | Noticed a moth of wrath
 10458 | D:8      | Found a bloodstained altar of Trog.
 10562 | D:8      | Found a faded altar of an unknown god.
 10562 | D:8      | Found a faded altar of an unknown god.
 10567 | D:8      | Found a faded altar of an unknown god.
 10569 | D:8      | Found a glowing silver altar of Zin.
 10571 | D:8      | Found a faded altar of an unknown god.
 10665 | D:8      | Found an opulent altar of Gozag.
 11623 | D:9      | Reached *** piety under Okawaru
 11645 | D:9      | Reached skill level 1 in Armour
 12211 | D:10     | Entered Level 10 of the Dungeon
 12285 | D:10     | Reached XP level 11. HP: 69/74 MP: 4/13
 12945 | D:10     | Found Feimis's Assorted Antiques.
 13306 | D:11     | Noticed a hill giant
 13671 | D:10     | Killed an unseen horror
 13671 | D:10     | Reached **** piety under Okawaru
 13671 | D:10     | Reached skill level 11 in Crossbows
 14018 | D:11     | Noticed a hill giant
 14039 | D:11     | Killed a hill giant
 14039 | D:11     | Reached skill level 12 in Crossbows
 14551 | D:11     | Noticed an orc knight
 15092 | D:11     | Reached ***** piety under Okawaru
 15098 | D:11     | Received a gift from Okawaru
 15375 | D:11     | Killed a hill giant
 15608 | D:11     | Noticed a green ugly thing
 15830 | D:11     | Killed a green ugly thing
 15830 | D:11     | Received a gift from Okawaru
 15830 | D:11     | Reached skill level 5 in Invocations
 15949 | D:11     | Reached XP level 12. HP: 78/82 MP: 16/16
 16002 | D:11     | Received a gift from Okawaru
 16160 | D:11     | Found a staircase to the Lair.
 16453 | D:11     | Found a staircase to the Orcish Mines.
 16822 | D:11     | Received a gift from Okawaru
 16861 | Lair:1   | Entered Level 1 of the Lair of Beasts
 16879 | Lair:1   | Gained mutation: Your body sometimes deteriorates upon taking damage. [potion of mutation]
 16879 | Lair:1   | Gained mutation: Your muscles are strong. (Str +2) [potion of mutation]
 16879 | Lair:1   | Gained mutation: You have large cloven feet. [potion of mutation]
 17159 | Lair:1   | Reached skill level 1 in Short Blades
 17218 | Lair:1   | Reached skill level 1 in Maces & Flails
 18034 | Lair:2   | Received a gift from Okawaru
 18034 | Lair:2   | Reached skill level 13 in Crossbows
 18035 | Lair:2   | Got a smoking hat {god gift}
 18046 | Lair:2   | Identified the +1 hat "Xisiry" {*Corrode rC+ Str+3 Slay-6} (Okawaru gifted it to you on level 2 of the Lair of Beasts)
 18315 | Lair:1   | Noticed an eight-headed hydra
 19032 | Lair:1   | Killed an eight-headed hydra
 19032 | Lair:1   | Reached skill level 14 in Crossbows
 19429 | Lair:2   | Reached XP level 13. HP: 88/88 MP: 17/17
 19631 | Lair:2   | Got a polished trident
 19664 | Lair:2   | Found a hole to the Spider Nest.
 19929 | Lair:1   | Identified the +6 trident "Killer Bee's Bane" {pierce, rF+ Int+3 Dex+3} (You found it on level 2 of the Lair of Beasts)
 19932 | Lair:1   | Identified a scroll of acquirement
 20200 | Lair:3   | Noticed a catoblepas
 20713 | Lair:3   | Killed a catoblepas
 20766 | Lair:3   | Found a glowing silver altar of Zin.
 20796 | Lair:3   | Noticed Gastronok
 20834 | Lair:3   | Killed Gastronok
 20834 | Lair:3   | Received a gift from Okawaru
 21041 | Lair:3   | Learned a level 1 spell: Summon Butterflies
 22204 | Lair:3   | Reached skill level 15 in Crossbows
 22368 | Lair:4   | Noticed a seven-headed hydra
 22375 | Lair:4   | Killed a seven-headed hydra
 22375 | Lair:4   | Reached ****** piety under Okawaru
 22647 | Lair:4   | Found a staircase to the Swamp.
 22662 | Lair:4   | Received a gift from Okawaru
 22698 | Lair:4   | Noticed Snorg
 22734 | Lair:4   | Received a gift from Okawaru
 22734 | Lair:4   | Reached skill level 16 in Crossbows
 22734 | Lair:4   | Reached XP level 14. HP: 47/94 MP: 15/18
 23166 | Lair:4   | Killed Snorg
 23533 | Lair:5   | Found a frozen archway.
 23553 | Lair:5   | Got an iridescent hand axe
 23698 | IceCv    | Entered an ice cave
 23798 | IceCv    | Received a gift from Okawaru
 24342 | IceCv    | Got a pitted scale mail
 24357 | IceCv    | Lost mutation: Your muscles are strong. (Str +2) [potion of cure mutation]
 24357 | IceCv    | Lost mutation: Your body sometimes deteriorates upon taking damage. [potion of cure mutation]
 24357 | IceCv    | Lost mutation: You have large cloven feet. [potion of cure mutation]
 24520 | Lair:5   | Reached skill level 15 in Dodging
 24528 | Lair:5   | Received a gift from Okawaru
 24947 | Lair:5   | Received a gift from Okawaru
 25037 | Lair:5   | Identified the +5 hand axe of Irrepressible Laughter {holy, +Rage} (You found it on level 5 of the Lair of Beasts)
 25078 | Lair:5   | Identified the cursed +0 scale mail of Ru's Indignation {rElec} (You found it in an ice cave)
 25355 | Swamp:1  | Entered Level 1 of the Swamp
 25457 | Swamp:1  | Noticed Josephine
 25461 | Swamp:1  | Killed Josephine
 25475 | Swamp:1  | Reached skill level 15 in Fighting
 25733 | Swamp:1  | Noticed a cyan very ugly thing
 26123 | Swamp:1  | Reached XP level 15. HP: 67/103 MP: 19/19
 26156 | Swamp:1  | Reached skill level 17 in Crossbows
 26581 | Swamp:1  | Killed a cyan very ugly thing
 26581 | Swamp:1  | Received a gift from Okawaru
 26582 | Swamp:1  | Got a brightly glowing rapier {god gift}
 26585 | Swamp:1  | Identified the +6 rapier of Okawaru's Delight {pierce, rC+} (Okawaru gifted it to you on level 1 of the Swamp)
 26774 | Swamp:1  | Reached skill level 5 in Armour
 27897 | Orc:1    | Entered Level 1 of the Orcish Mines
 28152 | Orc:2    | Entered Level 2 of the Orcish Mines
 28244 | Orc:2    | Noticed Saint Roka
 28270 | Orc:2    | Noticed Darts's ghost (journeyman OpIE)
 28690 | Orc:2    | Received a gift from Okawaru
 28824 | Orc:2    | Killed Darts's ghost
 29156 | Orc:2    | Killed Saint Roka
 29156 | Orc:2    | Received a gift from Okawaru
 29156 | Orc:2    | Received a gift from Okawaru
 29805 | Orc:2    | Paralysed by an orc sorcerer for 2 turns
 29954 | Orc:2    | Paralysed by an orc sorcerer for 2 turns
 29988 | Orc:2    | Found a staircase to the Elven Halls.
 30182 | Orc:2    | Received a gift from Okawaru
 30737 | Orc:2    | Found Veuz's General Store.
 30737 | Orc:2    | Found Qerisim's Antique Weapon Shoppe.
 30759 | Orc:2    | Found Inainowo's Antique Armour Shop.
 30760 | Orc:2    | Found Rynkaats's Weapon Shop.
 30787 | Orc:2    | Got an ichor-stained plate armour {god gift}
 30881 | Orc:2    | Identified the +4 plate armour "Rasolin" {+Fly rF+ rN+} (Okawaru gifted it to you on level 2 of the Orcish Mines)
 30920 | Elf:1    | Entered Level 1 of the Elven Halls
 30966 | Elf:1    | Reached XP level 16. HP: 112/112 MP: 20/20
 31001 | Elf:1    | Noticed Asterion
 31011 | Elf:1    | Noticed an Executioner
 31993 | Spider:1 | Entered Level 1 of the Spider Nest
 32106 | Spider:1 | Noticed Kave's ghost (journeyman TrTm)
 33804 | Swamp:2  | Reached skill level 18 in Crossbows
 34047 | Swamp:3  | Noticed a thorn hunter
 34488 | Swamp:2  | Received a gift from Okawaru
 34816 | Swamp:3  | Paralysed by a hornet for 1 turns
 35334 | Swamp:3  | Killed a thorn hunter
 35823 | Swamp:3  | Slain by a swamp worm

Skill      XL: |  1  2  3  4  5  6  7  8  9 10 11 12 13 14 15 16 |
---------------+-------------------------------------------------+-----
Fighting       | 3 4 5 6 7 10 11 12 13 15 17 | 17.0
Dodging        | 3 5 6 9 10 11 14 15 16 | 16.7
Crossbows      | 5 6 8 10 12 14 16 17 18 | 18.0
Invocations    | 3 5 |  5.4
Armour         | 2 3 4 6 7 |  7.0
Short Blades   | 1 |  1.3
Maces & Flails | 1 |  1.0
Stealth        | |  1.3

Action                   |  1- 3 |  4- 6 |  7- 9 | 10-12 | 13-15 | 16-18 || total
-------------------------+-------+-------+-------+-------+-------+-------++-------
Melee: Short sword       |   105 |       |       |       |       |       ||   105
       Dagger            |     9 |    74 |       |   291 |       |       ||   374
       Hand axe          |       |   128 |   213 |     9 |    12 |       ||   362
       Flail             |       |       |   169 |       |       |       ||   169
       Morningstar       |       |       |    46 |   196 |       |       ||   242
       Falchion          |       |       |       |    22 |       |       ||    22
       Trident           |       |       |       |       |    10 |       ||    10
       Rapier            |       |       |       |       |    61 |    35 ||    96
       Arbalest          |       |       |       |       |       |     1 ||     1
 Fire: Hand crossbow     |     5 |    17 |    97 |   505 |    74 |       ||   698
       Blowgun           |       |       |     4 |    16 |       |       ||    20
       Arbalest          |       |       |       |     4 |  1069 |   393 ||  1466
Invok: Heroism           |       |       |       |     6 |     6 |     3 ||    15
       Finesse           |       |       |       |     2 |     3 |     2 ||     7
Evoke: Wand              |       |       |       |     2 |     3 |       ||     5
  Use: Scroll            |       |     4 |    12 |     4 |    11 |     6 ||    37
       Potion            |       |     1 |     4 |    13 |     1 |     5 ||    24
 Stab: Sleeping          |     2 |     2 |     5 |     4 |       |       ||    13
       Distracted        |     1 |       |     1 |       |       |       ||     2
       Held in net/web   |       |     1 |       |       |       |       ||     1
       Invisible         |       |       |     1 |       |       |       ||     1
       Paralysed         |       |       |     1 |       |       |       ||     1
  Eat: Chunk             |     9 |    10 |    29 |    32 |    35 |    14 ||   129
Armor: Leather armour    |    14 |    51 |   115 |       |       |       ||   180
       Robe              |       |       |    17 |    40 |       |       ||    57
       Mottled dragon sc |       |       |       |   132 |   131 |    74 ||   337
       Skin              |       |       |       |     5 |       |       ||     5
       Swamp dragon scal |       |       |       |       |       |    23 ||    23
Dodge: Dodged            |    94 |   148 |   433 |   926 |   884 |   464 ||  2949
Block: Other             |       |    16 |    66 |    92 |    87 |    45 ||   306
       Reflection        |       |       |     6 |       |       |       ||     6
       Rpst.: Falchion   |       |       |       |     6 |       |       ||     6
